 Dungeon Crawl Stone Soup version 0.31.0-32-g396128a36d (webtiles) character file.

Game seed: 7528977024804302738

406 imdaedric the Trooper (level 6, -1/56 HPs)
             Began as a Minotaur Fighter on Apr 9, 2024.
             Slain by a bombardier beetle (4 damage)
             ... on level 4 of the Dungeon.
             The game lasted 00:05:53 (2758 turns).

imdaedric the Trooper (Minotaur Fighter)            Turns: 2758, Time: 00:05:53

Health: -1/56      AC:  9    Str: 22    XL:     6   Next: 56%
Magic:  5/5        EV: 14    Int:  5    God:
Gold:   110        SH:  5    Dex: 10    Spells: 5/5 levels left

rFire   . . .        a - +0 war axe
rCold   . . .        c - +0 buckler
rNeg    . . .        b - +0 scale mail
rPois   .            (helmet restricted)
rElec   .            (no cloak)
rCorr   .            i - +0 pair of gloves
SInv    .            h - +0 pair of boots
Will    .....        (no amulet) Stlth
                     e - +5 ring of evasion
HPRegen 0.29/turn    (no ring)
MPRegen 0.09/turn

%: no passive effects
@: on fire, glowing
A: horns 2, retaliatory headbutt
a: no special abilities


You were on level 4 of the Dungeon.
You visited 1 branch of the dungeon, and saw 4 of its levels.
You also visited: Sewer.

You collected 110 gold pieces.

Inventory:

Hand Weapons
 a - a +0 war axe (weapon)
Armour
 b - a +0 scale mail (worn)
 c - a +0 buckler (worn)
 h - a +0 pair of boots (worn)
 i - a +0 pair of gloves (worn)
Jewellery
 d - a ring of fire
 e - a +5 ring of evasion (left hand)
 p - an amulet of faith
Wands
 l - a wand of flame (16)
Scrolls
 j - 2 scrolls of teleportation {unknown}
 k - 2 scrolls of fear
 m - a scroll of blinking
 n - 3 scrolls of poison
 o - 2 scrolls of summoning {unknown}
Potions
 f - 2 potions of curing
 g - 2 potions of mutation


   Skills:
 + Level 5.4 Fighting
 + Level 4.7 Axes
 + Level 5.4 Armour
 + Level 5.4 Shields


You had 5 spell levels left.
You didn't know any spells.
Your spell library contained the following spells:

 Spells                   Type           Power      Damage    Failure   Level
 Freeze                   Ice            0%         1d3       85%         1
 Magic Dart               Conj           0%         1d3       85%         1
 Searing Ray              Conj           0%         2d4       94%         2
 Frozen Ramparts          Ice            0%         1d1       99%         3
 Hailstorm                Conj/Ice       0%         3d5       99%         3
 Fulminant Prism          Conj/Alch      0%         3d5       100%        4


Dungeon Overview and Level Annotations

Branches:
Dungeon (4/15)              Sewer (visited)
 Temple: D:4-7

Altars:
Elyvilon
Gozag

Shops:
D:3 [


Innate Abilities, Weirdness & Mutations

You have a pair of horns on your head.
You reflexively headbutt those who attack you in melee.


Message History

You are too injured to fight recklessly!
You are too injured to fight recklessly!
You are too injured to fight recklessly!
You are too injured to fight recklessly!
You are too injured to fight recklessly!
You are too injured to fight recklessly!
You are too injured to fight recklessly!
You are too injured to fight recklessly!
You are too injured to fight recklessly!
You are too injured to fight recklessly!
You are too injured to fight recklessly!
You are too injured to fight recklessly!
You are too injured to fight recklessly!
You are too injured to fight recklessly!
You are too injured to fight recklessly!
You are too injured to fight recklessly!
You are too injured to fight recklessly!
Unknown command.
You barely miss the goblin. Your headbutt misses the goblin.
The goblin is almost dead.
The liquid fire burns you!
The bombardier beetle sprays incendiary fluid at you.
The burning spray hits you.
You are even more covered in liquid fire!
The goblin hits you but does no damage.
You slash the goblin!
You kill the goblin!
The liquid fire burns you!
* * * LOW HITPOINT WARNING * * *
The bombardier beetle sprays incendiary fluid at you.
The burning spray hits you.
You are even more covered in liquid fire!
You shake off some of the fire as you move.
The liquid fire burns you!
* * * LOW HITPOINT WARNING * * *
You shake off some of the fire as you move.
The liquid fire burns you!
* * * LOW HITPOINT WARNING * * *
The bombardier beetle bites you.
You die...

#.. #.. #...
#..#######+##### #
#..............##.
#................
#....)..####..### ..
#..B@....#.#..#.#....
#.............†..<......
..............##..##....
#...>.........##..# ..
#.............##....
##...........†.......
##...................#
...#.................
.......#..........#.


You could see a bombardier beetle.

Vanquished Creatures
  Grinder (D:3)
  Pargi (Sewer)
  4 adders
  A ribbon worm (D:2)
  A dart slug (D:2)
  An orc (D:3)
  5 endoplasms
  4 giant cockroaches
  7 goblins
  8 hobgoblins
  14 jackals
  2 quokkas
  9 ball pythons
  3 bats
  8 frilled lizards
  5 kobolds
  5 rats
79 creatures vanquished.

Notes
Turn   | Place    | Note
-------+----------+-------------------------------------------
     0 | D:1      | imdaedric the Minotaur Fighter began the quest for the Orb.
     0 | D:1      | Reached XP level 1. HP: 19/19 MP: 0/0
   154 | D:1      | Reached XP level 2. HP: 27/27 MP: 1/1
   358 | D:1      | Reached XP level 3. HP: 33/33 MP: 2/2
  1375 | D:2      | Found a faded altar of an unknown god.
  1571 | D:3      | Reached XP level 4. HP: 39/41 MP: 3/3
  1587 | D:3      | Found a white marble altar of Elyvilon.
  1749 | D:3      | Found Hovevie's Armour Shoppe.
  1764 | D:3      | Found a glowing drain.
  1791 | Sewer    | Entered a sewer
  1844 | Sewer    | Noticed Pargi
  1869 | Sewer    | Killed Pargi
  1870 | Sewer    | Reached XP level 5. HP: 19/47 MP: 4/4
  2293 | D:3      | Noticed Grinder
  2408 | D:3      | Reached skill level 5 in Shields
  2424 | D:3      | Found an opulent altar of Gozag.
  2576 | D:3      | Killed Grinder
  2577 | D:3      | Reached skill level 5 in Fighting
  2577 | D:3      | Reached skill level 5 in Armour
  2577 | D:3      | Reached XP level 6. HP: 24/56 MP: 5/5
  2758 | D:4      | HP: 2/56 [burnt (6)]
  2758 | D:4      | Slain by a bombardier beetle

Illustrated notes

Levels and vault maps discovered:
D:1:      nzn_arrival_crosshair, layout_basic
D:2:      layout_basic, shapermc_ecumenical_altar_hornbeckon
D:3:      layout_loops_cross, lemuel_doored_altar, nicolae_gozag_seed_capital,
          gup_sewer_entry_glass, serial_shops, shop, chequers_arboretum,
          uniq_grinder
D:4:      layout_cave_pools, worldfamousw_hep_ancestral_shrine,
          kennysheep_path_1

Skill      XL: |  1  2  3  4  5 |
---------------+----------------+-----
Fighting       | 4 5 |  5.4
Shields        | 4 5 |  5.4
Armour         | 4 5 |  5.4
Axes           | 3 4 |  4.7

Action                     |  1- 3 |  4- 6 || total
---------------------------+-------+-------++-------
  Melee: War axe           |    78 |    70 ||   148
         Headbutt          |    12 |     6 ||    18
    Use: Scroll            |     1 |     4 ||     5
         Potion            |       |     2 ||     2
 Armour: Scale mail        |    34 |    68 ||   102
  Dodge: Dodged            |    42 |    74 ||   116
  Block: Buckler           |    19 |    24 ||    43
